Map: Flooded City

Players

pOvod

  • Race: Terran Terran
  • League: Platinum
  • Spawn Location: 6:00

RomonSanchez

  • Race: Terran Terran
  • League: Silver
  • Spawn Location: 6:00

ILIEKEGGPIE - Winner!

  • Race: Protoss Protoss
  • League: Platinum
  • Spawn Location: 12:00

Zingablerat - Winner!

  • Race: Zerg Zerg
  • Spawn Location: 12:00

VOD

Have the link to the VOD?

Description

Time

  • Played on: April 11, 2018, 6:31 p.m.
  • Length: 7:02
Show
View Real Time Build Order
Export as new Build Order

pOvod Terran 

Build Orders: Reaper Expand 

Get SALT Encoding   

  12  0:02  SCV  
  14  0:14  SCV  
  14  0:21  Supply Depot  
  14  0:26  Refinery  
  14  0:29  SCV  
  15  0:45  Barracks  
  15  0:54  SCV  
  16  1:06  SCV  
  17  1:18  SCV  
  18  1:31  SCV  
  19  1:35  Reaper  
  20  1:44  Command Center  
  20  1:50  Orbital Command  
  20  2:25  Barracks Tech Lab  
  20  2:26  SCV  
  20  2:28  Refinery  
  21  2:38  SCV  
  22  2:49  Marine  
  23  2:57  Factory  
  23  2:59  Barracks  
  23  3:07  Marine  
  23  3:10  Stimpack  
  24  3:13  Barracks  
  24  3:18  Supply Depot  
  24  3:21  Engineering Bay  
  24  3:35  Marine  
  25  3:44  Orbital Command  
  25  3:46  SCV  
  26  3:57  Terran Infantry Weapons Level 1  
  26  3:58  SCV  
  26  4:02  Starport  
  27  4:05  Factory Tech Lab  
  27  4:07  Barracks Reactor  
  27  4:10  Barracks Reactor  
  27  4:13  SCV  
  28  4:19  SCV  
  29  4:25  SCV  
  27  4:31  SCV  
  27  4:37  SCV  
  26  4:41  Missile Turret  
  26  4:43  SCV  
  26  4:44  Missile Turret  
  27  4:48  Starport Reactor  
  27  4:51  Marine x5  
  31  5:09  Siege Tank  
  34  5:23  Marine x2  
  34  5:24  Marine  
  34  5:27  SCV  
  38  5:33  Medivac  
  40  5:39  SCV x2  
  42  5:48  Refinery  
  42  5:50  Refinery  
  42  5:56  Armory  
  42  6:11  Marine x4  
  46  6:31  Marine x2  
  35  6:42  Marine x3  
Show
View Real Time Build Order
Export as new Build Order

RomonSanchez Terran 

Build Orders:  

Get SALT Encoding   

  12  0:03  SCV  
  13  0:15  SCV  
  13  0:21  Supply Depot  
  14  0:27  SCV  
  15  0:38  Refinery  
  16  0:42  SCV  
  16  0:48  Barracks  
  16  0:55  SCV  
  17  1:07  SCV  
  18  1:19  SCV  
  19  1:31  SCV  
  20  1:33  Refinery  
  20  1:36  Marine  
  21  1:43  SCV, Factory  
  22  1:55  SCV  
  23  2:28  Factory Tech Lab  
  23  2:34  Engineering Bay  
  23  2:50  Supply Depot  
  23  3:00  Supply Depot x2  
  23  3:01  Supply Depot  
  23  3:12  Reaper, SCV  
  25  3:13  Command Center  
  25  3:24  Supply Depot  
  25  3:26  Siege Tank  
  28  3:36  Orbital Command  
  28  3:51  Barracks Reactor  
  28  3:59  Missile Turret  
  28  4:17  Terran Infantry Weapons Level 1  
  28  4:52  Marine x2  
  30  5:01  Siege Tank  
  33  5:09  Marine  
  33  5:10  Marine  
  35  5:27  Marine x2  
  37  5:32  Factory  
  37  5:45  Marine x2  
  39  5:58  Refinery  
  39  5:59  SCV  
  39  6:03  Marine x2  
  42  6:11  SCV  
  40  6:23  Refinery, SCV  
  41  6:30  Marine x2  
  42  6:36  SCV  
  42  6:37  Hellion  
  42  6:48  SCV  
Show
View Real Time Build Order
Export as new Build Order

ILIEKEGGPIE Protoss - Winner!

Build Orders: Oracle Opening 

Get SALT Encoding   

  12  0:02  Probe  
  14  0:14  Probe  
  14  0:18  Pylon  
  14  0:32  Probe (Chrono Boost)  
  15  0:41  Gateway  
  15  0:42  Probe (Chrono Boost)  
  16  0:49  Probe  
  16  0:55  Assimilator  
  17  1:01  Probe  
  18  1:08  Assimilator  
  18  1:31  Cybernetics Core  
  18  1:33  Probe (Chrono Boost)  
  18  1:34  Pylon  
  19  1:45  Probe (Chrono Boost)  
  20  1:50  Probe (Chrono Boost)  
  21  2:00  Probe  
  22  2:10  Stargate  
  22  2:12  Warp Gate  
  22  2:20  Probe  
  22  2:49  Stalker (Chrono Boost)  
  24  3:01  Oracle  
  27  3:13  Gateway  
  27  3:16  Gateway  
  27  3:54  Pylon  
  27  3:55  Oracle  
  30  4:12  Pylon  
  30  4:28  Stalker x3  
  36  5:20  Nexus  
  36  5:25  Pylon  
  36  5:29  Pylon  
  36  5:30  Stalker  
  36  5:31  Stalker x2  
  36  5:33  Assimilator  
  42  5:36  Assimilator  
  42  6:02  Nexus  
  42  6:04  Pylon  
  42  6:05  Pylon  
Show
View Real Time Build Order
Export as new Build Order

Zingablerat Zerg - Winner!

Build Orders: Hatch First 

Get SALT Encoding   

  12  0:01  Drone  
  13  0:17  Overlord  
  13  0:18  Drone  
  14  0:35  Drone x2  
  16  0:39  Extractor  
  16  0:40  Drone  
  16  0:50  Drone  
  17  1:08  Drone  
  18  1:20  Drone  
  19  1:28  Drone  
  20  1:32  Hatchery  
  20  1:35  Drone  
  20  1:37  Spawning Pool  
  19  1:47  Drone  
  20  1:49  Evolution Chamber  
  19  1:57  Drone  
  20  2:05  Drone  
  21  2:18  Zerg Ground Armor Level 1  
  21  2:19  Drone  
  22  2:26  Overlord  
  22  2:48  Metabolic Boost  
  22  2:52  Drone x2  
  24  2:59  Drone x2  
  24  3:00  Queen  
  28  3:06  Zergling x2  
  28  3:08  Queen  
  28  3:10  Drone  
  32  3:16  Drone  
  32  3:17  Drone  
  34  3:26  Zergling x2  
  35  3:29  Drone  
  36  3:38  Hatchery  
  36  3:40  Overlord  
  35  3:43  Zergling x2  
  36  3:59  Zergling x6  
  39  4:11  Lair  
  39  4:12  Zerg Melee Weapons Level 1  
  39  4:18  Drone x3  
  39  4:20  Zergling x2  
  43  4:25  Drone  
  43  4:27  Overlord x3  
  44  4:45  Drone x2  
  46  4:46  Overlord  
  46  4:50  Queen  
  46  4:51  Drone  
  49  4:57  Zergling x8  
  49  4:58  Zergling x4  
  55  5:04  Extractor  
  55  5:05  Extractor  
  53  5:09  Extractor  
  53  5:10  Drone  
  53  5:12  Drone x2  
  53  5:13  Drone  
  56  5:24  Zergling x6  
  56  5:27  Zergling x4  
  61  5:33  Zergling x10  
  66  5:45  Zergling x2  
  66  5:47  Zergling x10  
  72  5:53  Overlord  
  72  5:55  Overlord, Drone  
  73  6:05  Queen  
  73  6:07  Drone x4  
  79  6:16  Zergling x4  
  79  6:17  Zergling x6  
  84  6:20  Zergling x10  
Tags
 
Add a new tag
Caveats
  • Supply blocks, unpowered buildings, or Contaminate may cause inaccurate times.
  • Supply counts are checked every 10 seconds.